 Dungeon Crawl Stone Soup version 0.24.0-41-g2ae2f7f1be (webtiles) character file.

Game seed: 11738624059381773412, levelgen mode: deterministic

6799 Emblim88 the Covert (level 10, -6/46 HPs)
             Began as a Spriggan Hunter on Dec 9, 2019.
             Was a Believer of Dithmenos.
             Mangled by a hornet (17 damage)
             ... while paralysed by a hornet
             ... on level 8 of the Dungeon.
             The game lasted 00:40:05 (13858 turns).

Emblim88 the Covert (Spriggan Hunter)              Turns: 13858, Time: 00:40:06

Health: -6/46      AC:  5    Str: 12    XL:     10   Next: 76%
Magic:  16/16      EV:  4    Int: 12    God:    Dithmenos [**....]
Gold:   543        SH:  0    Dex: 21    Spells: 6/9 levels left

rFire    . . .     SeeInvis +   r - +1 dagger (venom)
rCold    . . .     Gourm    .   (shield restricted)
rNeg     . . .     Faith    .   u - +1 robe {MR+}
rPois    .         Spirit   .   (helmet restricted)
rElec    .         Reflect  .   c - +1 cloak
rCorr    .         Harm     .   (gloves unavailable)
MR       ++...                  (boots unavailable)
Stlth    ++++++++..             (no amulet)
HPRegen  0.15/turn              I - ring of wizardry
MPRegen  0.15/turn              e - +4 ring of strength

@: paralysed, lethally poisoned (-6 -> -17), slowed, wreathed by umbra, very
quick
A: very small, unfitting armour, see invisible, herbivore, speed 3, slow
metabolism 2
a: Shadow Step, Renounce Religion


You were on level 8 of the Dungeon.
You worshipped Dithmenos.
Dithmenos was pleased with you.
You were near starving.

You visited 2 branches of the dungeon, and saw 10 of its levels.

You collected 543 gold pieces.

Inventory:

Hand Weapons
 a - a +1 hunting sling
 r - a +1 dagger of venom (weapon)
Missiles
 b - 31 poisoned darts
 h - 184 stones (quivered)
 j - 3 throwing nets
 q - 2 atropa-tipped darts
Armour
 c - a +1 cloak (worn)
 u - a +1 robe of magic resistance (worn)
Jewellery
 e - a +4 ring of strength (right hand)
 o - an uncursed ring of protection from cold
 C - an uncursed ring of magical power
 F - an uncursed ring of resist corrosion
 I - a ring of wizardry (left hand)
Wands
 A - a wand of random effects (26)
 D - a wand of clouds (3)
Scrolls
 d - a scroll of fog {unknown}
 i - 2 scrolls of teleportation
 m - 4 scrolls of remove curse
 s - 2 scrolls of identify
 t - 4 scrolls of blinking
 w - a scroll of enchant armour
 y - a scroll of enchant weapon
 z - a scroll of amnesia
 E - a scroll of holy word {unknown}
 G - a scroll of noise
Potions
 k - 2 potions of curing {unknown}
 l - 3 potions of flight {unknown}
 n - 3 potions of ambrosia {unknown}
 p - a potion of resistance {unknown}
 v - 3 potions of agility {unknown}
 x - 2 potions of invisibility {unknown}
 B - a potion of lignification {unknown}
Comestibles
 f - 14 rations


   Skills:
 + Level 1.6 Fighting
 - Level 12.0 Slings
 + Level 10.1 Dodging
 * Level 14.2 Stealth
 + Level 4.6 Charms
 + Level 0.1 Invocations
 + Level 7.6 Evocations


You had 6 spell levels left.
You knew the following spells:

 Your Spells              Type           Power        Failure   Level  Hunger
a - Regeneration          Chrm/Necr      #.........   16%         3    ####...

Your spell library contained the following spells:

 Spells                   Type           Power        Failure   Level  Hunger
 Animate Skeleton         Necr           N/A          13%         1    ##.....
 Pain                     Necr           #...         13%         1    ##.....
 Vampiric Draining        Necr           #.........   36%         3    ####...
 Animate Dead             Necr           N/A          75%         4    #####..


Dungeon Overview and Level Annotations

Branches:
Dungeon (9/15)             Temple (1/1) D:7
   Lair: D:8-11         Orc: D:9-12

Altars:
Ashenzari
Cheibriados
Dithmenos
Elyvilon
Fedhas
Gozag
Hepliaklqana
Makhleb
Nemelex Xobeh
Okawaru
Qazlal
Ru
Sif Muna
Trog
Uskayaw
Vehumet
Wu Jian
Xom
Yredelemnul
Zin
The Shining One

Shops:
D:4 }


Innate Abilities, Weirdness & Mutations

You are very small and have problems with some larger weapons.
You are too small for most types of armour.
You have supernaturally acute eyesight. (SInv)
You are a herbivore.
You cover ground extremely quickly.
You need to consume almost no food.


Message History

The hornet is heavily wounded.
The hornet misses you.
You feel sick.
Okay, then.
You feel much better. The hornet misses you. The hornet completely misses you.
You closely miss the hornet.
The hornet is severely wounded.
You feel sick.
The hornet looks more healthy.
The hornet completely misses you.
You closely miss the hornet.
The hornet is severely wounded.
The hornet closely misses you. The hornet stings you!
You suddenly lose the ability to move!
The hornet stings you.
You are more poisoned.
You feel yourself slow down.
You feel sick. The hornet stings you!
* * * LOW HITPOINT WARNING * * *
You feel as though you will be slow longer.
The hornet stings you!
You die...

#.........................
#..#.#..#........##....##.
#.##.##.#........####.....
#.#...#.#####.##.# ##>..#.
#.##.##....##....###......
#..###[....#..............
#............#..####.....#
#.......>.......# #......
#.......y@..##.#####....#.
###.###.###.##............
#....##.##..............#.
###.##.##.....###))###....#.
##...##........###..###....#.
#..####..............##....#.
#.##....##..####......######.
#....###......)........#####.
#.###..............#.#..#....


You could see a hornet.

Vanquished Creatures
  Harold (D:7)
  Erica (D:8)
  Joseph (D:8)
  A polar bear (D:7)
  Prince Ribbit (D:8)
  A yak (D:8)
  3 hungry ghosts
  Menkaure (D:6)
  2 water moccasins
  Duvessa (D:7)
  A black bear (D:8)
  2 orc warriors
  3 ice beasts
  A sky beast (D:8)
  A phantom (D:6)
  4 centaurs
  2 wolves
  A big kobold (D:8)
  5 bullfrogs
  Dowan (D:7)
  3 scorpions
  4 killer bees
  8 wights
  An electric eel (D:8)
  A bullfrog zombie (D:6)
  6 hounds
  6 orc priests
  A water moccasin simulacrum (D:8)
  Crazy Yiuf (D:3)
  A bullfrog skeleton (D:9)
  6 iguanas
  10 orc wizards
  7 worker ants
  A bullfrog simulacrum (D:8)
  A killer bee simulacrum (D:8)
  A gnoll (D:1)
  13 adders
  A shadow imp (D:6)
  2 white imps (D:8)
  An ooze (D:6)
  An ufetubus (D:8)
  2 adder skeletons
  8 dart slugs
  2 worms
  An adder simulacrum (D:8)
  4 leopard geckos
  25 orcs
  5 giant cockroaches
  8 goblins
  6 hobgoblins
  15 jackals
  16 kobolds
  7 quokkas
  2 ball pythons (D:2)
  8 bats
  6 frilled lizards
  2 leopard gecko simulacra (D:8)
  A quokka skeleton (D:6)
  14 rats
242 creatures vanquished.

Vanquished Creatures (collateral kills)
  An electric eel (D:8)
1 creature vanquished.

Grand Total: 243 creatures vanquished

Notes
Turn   | Place    | Note
-------+----------+-------------------------------------------
     0 | D:1      | Emblim88 the Spriggan Hunter began the quest for the Orb.
     0 | D:1      | Reached XP level 1. HP: 10/10 MP: 2/2
    51 | D:1      | Reached skill level 2 in Stealth
    65 | D:1      | Reached skill level 5 in Slings
    65 | D:1      | Reached XP level 2. HP: 14/14 MP: 3/3
   137 | D:1      | Reached skill level 3 in Stealth
   225 | D:1      | Reached XP level 3. HP: 18/18 MP: 4/4
   927 | D:2      | Found a faded altar of an unknown god.
  1002 | D:2      | Reached XP level 4. HP: 22/22 MP: 5/5
  1043 | D:2      | Reached skill level 4 in Stealth
  1891 | D:3      | Reached XP level 5. HP: 25/25 MP: 6/6
  2162 | D:3      | Reached skill level 5 in Stealth
  2342 | D:3      | Found a snail-covered altar of Cheibriados.
  2466 | D:3      | Found a shimmering blue altar of Sif Muna.
  2666 | D:3      | Found a basalt altar of Yredelemnul.
  3139 | D:3      | Found a runed translucent door.
  3140 | D:3      | Noticed Crazy Yiuf
  3192 | D:3      | Killed Crazy Yiuf
  3387 | D:4      | Noticed an ice beast
  3406 | D:3      | Reached XP level 6. HP: 30/30 MP: 7/7
  3518 | D:3      | Killed an ice beast
  3518 | D:3      | Reached skill level 5 in Dodging
  3518 | D:3      | Reached skill level 6 in Stealth
  3646 | D:4      | Found Jecajedd's Gadget Boutique.
  3995 | D:4      | Reached skill level 7 in Stealth
  4129 | D:5      | Entered Level 5 of the Dungeon
  4544 | D:5      | Reached XP level 7. HP: 23/33 MP: 8/8
  4550 | D:5      | Reached skill level 1 in Evocations
  5009 | D:5      | Found a blossoming altar of Fedhas.
  5262 | D:6      | Noticed Menkaure
  5582 | D:6      | Killed Menkaure
  5582 | D:6      | Reached skill level 8 in Stealth
  6030 | D:6      | Reached XP level 8. HP: 23/37 MP: 11/11
  6126 | D:6      | Reached skill level 9 in Stealth
  6819 | D:6      | HP: 1/37 [orc warrior/+0 halberd (10)]
  7230 | D:6      | Found a glowing silver altar of Zin.
  7252 | D:6      | Reached skill level 10 in Stealth
  7707 | D:6      | Found a shimmering altar of Xom.
  7894 | D:7      | Found a staircase to the Ecumenical Temple.
  7900 | Temple   | Entered the Ecumenical Temple
  7975 | Temple   | Became a worshipper of Dithmenos the Shadowed
  8036 | D:7      | Reached XP level 9. HP: 35/41 MP: 13/13
  8052 | D:7      | Found an ornate altar of the Wu Jian Council.
  8053 | D:7      | Found a sparkling altar of Nemelex Xobeh.
  8106 | D:7      | Noticed Dowan
  8108 | D:7      | Noticed Duvessa
  8136 | D:7      | Killed Duvessa
  8147 | D:7      | Killed Dowan
  8147 | D:7      | Reached skill level 11 in Stealth
  8200 | D:7      | Reached skill level 10 in Slings
  8200 | D:7      | Reached skill level 5 in Evocations
  8714 | D:8      | Reached * piety under Dithmenos
  9575 | D:8      | Found a burning altar of Makhleb.
  9577 | D:8      | Noticed Prince Ribbit
  9594 | D:8      | Killed Prince Ribbit
  9594 | D:8      | Reached skill level 12 in Stealth
 10368 | D:8      | Noticed Joseph
 10609 | D:8      | Learned a level 3 spell: Regeneration
 10696 | D:8      | Killed Joseph
 10696 | D:8      | Reached skill level 1 in Charms
 10923 | D:8      | Noticed Harold
 11154 | D:8      | Reached XP level 10. HP: 46/46 MP: 15/15
 11605 | D:8      | Reached skill level 13 in Stealth
 11692 | D:8      | Noticed Erica
 11861 | D:7      | Killed Harold
 12786 | D:8      | Found an opulent altar of Gozag.
 12855 | D:8      | Killed Erica
 13431 | D:8      | Reached ** piety under Dithmenos
 13469 | D:8      | Reached skill level 14 in Stealth
 13658 | D:9      | Reached skill level 10 in Dodging
 13849 | D:8      | Paralysed by a hornet for 1 turns
 13856 | D:8      | Paralysed by a hornet for 3 turns
 13858 | D:8      | Mangled by a hornet

Levels and vault maps discovered:
D:1:      lightli_arrival_noodles, layout_loops_ring, minmay_3d_cube
D:2:      layout_rooms, chequers_ecumenical_altar_simple, first_ration
D:3:      layout_loops_corners, kennysheep_slug_shrine, marbit_many_paths,
          lemuel_blue_sif_altar, st_stairs_4, minivault_24,
          uniq_crazy_yiuf_cottage
D:4:      layout_rooms, serial_shops, shop, st_stairs_1
D:5:      layout_basic, fedhas_altar_3
D:6:      layout_loops_ring, tgw_xom, basic_altar, st_stairs_14,
          minmay_chambers_of_fives, uniq_menkaure
D:7:      layout_loops_ring, kennysheep_mini,
          minmay_temple_entry_statues_pillars, basic_altar, minmay_statues_item,
          uniq_duvessa
D:8:      layout_rooms, lemuel_round_altar, grunt_gozag_breadcrumbs, serial_ice,
          serial_ice_e, serial_ice_d, serial_ice_h, serial_ice_g, serial_ice_i,
          serial_ice_o, serial_ice_m, serial_ice_c, uniq_erica, uniq_harold,
          uniq_joseph, uniq_prince_ribbit1
D:9:      cheibrodos_fzero, layout_cave_pools, kiku_gazebo_pond_becter,
          blue_anna_alchemist [blue_anna_fruit_fields, blue_anna_fruit_fields],
          minmay_misc_feat_more_columns
Temple:   cyrus_circular_temple

Skill      XL: |  1  2  3  4  5  6  7  8  9 10 |
---------------+-------------------------------+-----
Stealth        | 2 3 4 5 7 8 10 12 14 | 14.2
Slings         | 5 6 7 8 9 11 12 | 12.0
Dodging        | 4 5 6 7 9 10 | 10.1
Evocations     | 2 4 6 7 |  7.6
Charms         | 1 4 |  4.6
Fighting       | |  1.6
Invocations    | |  0.1

Action                   |  1- 3 |  4- 6 |  7- 9 | 10-12 || total
-------------------------+-------+-------+-------+-------++-------
Melee: Dagger            |       |    12 |    28 |    26 ||    66
 Fire: Hunting sling     |   107 |   226 |   616 |   353 ||  1302
Evoke: Wand              |       |       |     1 |     1 ||     2
  Use: Scroll            |     3 |     2 |     4 |       ||     9
       Potion            |       |     2 |     1 |     1 ||     4
 Stab: Confused          |       |       |       |     2 ||     2
  Eat: Ration            |       |       |     3 |     1 ||     4
Armor: Robe              |     3 |     3 |    12 |     1 ||    19
Dodge: Dodged            |    24 |    37 |   130 |   121 ||   312
